 Dungeon Crawl Stone Soup version 0.27-a0-901-g8736458e1e (webtiles) character file.

Game seed: 5008334016855904830

3616 DwarfAlpaca the Thaumaturge (level 10, -6/66 HPs)
             Began as a Djinni Hedge Wizard on Apr 6, 2021.
             Was a Follower of Qazlal.
             Killed from afar by a gargoyle (31 damage)
             ... with a stone arrow
             ... on level 7 of the Dungeon.
             The game lasted 00:28:56 (10056 turns).

DwarfAlpaca the Thaumaturge (Djinni Hedge Wizard)  Turns: 10056, Time: 00:28:57

Health: -6/66      AC:  5    Str:  9    XL:     10   Next: 11%
Gold:   337        EV: 12    Int: 18    God:    Qazlal [*.....] SH:  1 Dex: 16

rFire    + + +     SeeInvis .   v - +4 quarterstaff (chaos)
rCold    x . .     Faith    .   (shield currently unavailable)
rNeg     . . .     Spirit   .   b - +0 robe
rPois    ∞         Reflect  .   t - +2 helmet
rElec    .         Harm     .   (no cloak)
rCorr    .         Rampage  .   (no gloves)
Will     +....                  (boots unavailable)
Stlth    +++.......             (no amulet)
HPRegen  0.21/turn              n - ring of wizardry
MPRegen  0.00/turn              (no ring)

@: flying
A: fire resistance 3, cold vulnerability 1, float, innate caster, hp casting,
extra vitality 1, thin skeletal structure 1, robust 1, evolution 1
a: Renounce Religion


You were on level 7 of the Dungeon.
You worshipped Qazlal.
Qazlal was aware of your devotion.
You visited 1 branch of the dungeon, and saw 7 of its levels.

You collected 337 gold pieces.

Inventory:

Hand Weapons
 v - a +4 quarterstaff of chaos (weapon)
Missiles
 x - a curare-tipped dart
Armour
 b - a +0 robe (worn)
 t - a +2 helmet (worn)
Jewellery
 n - a ring of wizardry (left hand)
Wands
 c - a wand of polymorph (6)
 q - a wand of charming (7)
Scrolls
 a - a scroll of blinking {unknown}
 e - 7 scrolls of teleportation
 f - 4 scrolls of magic mapping {unknown}
 g - 8 scrolls of identify
 h - 2 scrolls of noise {unknown}
 i - a scroll of fear {unknown}
 j - a scroll of vulnerability {unknown}
 l - 4 scrolls of enchant weapon {unknown}
 o - a scroll of amnesia {unknown}
 s - a scroll of enchant armour {unknown}
 w - 2 scrolls of fog {unknown}
Potions
 d - a potion of invisibility {unknown}
 k - a potion of flight {unknown}
 m - 2 potions of heal wounds {unknown}
 p - 2 potions of mutation
 r - a potion of attraction {unknown}
 u - 3 potions of brilliance {unknown}
 z - a potion of haste {unknown}


   Skills:
 - Level 2.2 Dodging
 - Level 1.5 Stealth
 + Level 12.0 Spellcasting


You had 10 spell levels left.
You knew the following spells:

 Your Spells              Type           Power      Damage    Failure   Level
a - Magic Dart            Conj           100%       1d8       1%          1
b - Blink                 Tloc           N/A        N/A       1%          2
c - Call Imp              Summ           52%        N/A       1%          2
d - Slow                  Hex            52%        N/A       1%          2
e - Conjure Flame         Conj/Fire      52%        6-21      1%          3
f - Mephitic Cloud        Conj/Pois/Air  52%        N/A       1%          3
g - Corona                Hex            57%        N/A       1%          1
h - Searing Ray           Conj           100%       3d7       1%          2
i - Teleport Other        Tloc           52%        N/A       1%          3
j - Ice Form              Ice/Tmut       52%        N/A       1%          4
Your spell library was empty.

Dungeon Overview and Level Annotations

Branches:
Dungeon (7/15)             Temple (0/1) D:7

Altars:
Ashenzari
Qazlal
Ru

Annotations:
D:5 Grinder


Innate Abilities, Weirdness & Mutations

You are immune to poison.
Your flesh is almost immune to the effects of heat. (rF+++)
You are vulnerable to cold. (rC-)
You float through the air rather than walking.
You learn spells naturally, not from books.
Your magical power is your life essence.
You have superior vitality. (+4 HP)
You have a somewhat thin skeletal structure. (Dex +2, Stealth)
You are robust. (+10% HP)
You evolve.


Message History

The phantom is moderately damaged. (Press . to maintain the ray.)
The phantom hits you but does no damage.
The searing ray hits the phantom!
The phantom is severely damaged.
The phantom closely misses you.
The searing ray misses the phantom.
The phantom hits you.
The phantom blinks!
You blink.
The phantom hits you.
The phantom blinks!
You blink.
The phantom misses you.
You see here a +0 giant spiked club.
Casting: Searing Ray (safe; 1% risk of failure)
Confirm with . or Enter, or press ? or * to list all spells.
Aiming: Searing Ray (safe; 1% risk of failure)
Press: ? - help, Shift-Dir - straight line, f/p - phantom
Aim: a phantom (severely damaged, 24% to evade)
The searing ray misses the phantom.
The searing ray hits the ice beast!
The ice beast is heavily wounded. (Press . to maintain the ray.)
The phantom hits you.
The phantom blinks!
You blink.
Found a bubbling purple potion.
Unknown command.
Casting: Searing Ray (safe; 1% risk of failure)
Confirm with . or Enter, or press ? or * to list all spells.
Aiming: Searing Ray (safe; 1% risk of failure)
Press: ? - help, Shift-Dir - straight line, f/p - phantom
Aim: a phantom (severely damaged, 24% to evade)
The searing ray misses the phantom. (Press . to maintain the ray.)
The phantom hits you.
The phantom blinks!
You blink.
A gargoyle comes into view. It is wielding a +0 mace.
Casting: Searing Ray (safe; 1% risk of failure)
Confirm with . or Enter, or press ? or * to list all spells.
You blink.
The gargoyle hurls a stone arrow at you.
The stone arrow hits you!!
Found a helmet.
The gargoyle hurls a stone arrow at you.
The stone arrow hits you!!
You die...

..# .... #.### ####. #.#.. ... #
...# #.#.# #.# #. #.. #.####.#.#
#.. #.##.. #......#.#.#.### #...
#.☼9.......[..#..
######.#.###.#.# #...##
#.....@#.#!..# # #.. ###
######.#.###.###.#.##.. #.#
#.#..W.?§...#..†.# ##.#
#.#####(#########. ##.#
#.................
##.#################.#Y......####
##..........##....##..§#.[...# #
##..........##..#..###§####### #
............###.##.....#


You could see a gargoyle.

Vanquished Creatures
  Pikel (D:6)
  A kobold demonologist (D:7)
  Eustachio (D:5)
  2 steam dragons
  Edmund (D:6)
  A water moccasin (D:7)
  2 sky beasts
  An ice beast (D:6)
  Duvessa (D:6)
  2 black bears
  An orc warrior (D:7)
  4 ogres
  A hornet zombie (D:7)
  A centaur (D:6)
  A phantom (D:7)
  A bullfrog (D:6)
  A kobold brigand (D:6)
  3 scorpions
  Dowan (D:6)
  A killer bee (D:7)
  2 howler monkeys
  A bullfrog zombie (D:5)
  An orc priest (D:3)
  3 jellies
  Crazy Yiuf (D:2)
  4 iguanas
  4 orc wizards
  2 hound skeletons (D:4)
  7 adders
  2 adder skeletons (D:4)
  A worm (D:2)
  5 dart slugs
  13 orcs
  5 bats
  10 endoplasms
  5 giant cockroaches
  3 goblins
  7 hobgoblins
  15 jackals
  8 kobolds
  2 quokkas
  8 ball pythons
  4 frilled lizards
  4 rats
145 creatures vanquished.

Notes
Turn   | Place    | Note
-------+----------+-------------------------------------------
     0 | D:1      | DwarfAlpaca the Djinni Hedge Wizard began the quest for the
                  | Orb.
     0 | D:1      | Reached XP level 1. HP: 15/15 MP: 0/0
   253 | D:1      | Reached skill level 3 in Spellcasting
   259 | D:1      | Reached XP level 2. HP: 6/21 MP: 0/0
   987 | D:1      | Found a faded altar of an unknown god.
  1012 | D:1      | Reached XP level 3. HP: 16/25 MP: 0/0
  1012 | D:1      | Learned a level 1 spell: Corona
  2435 | D:2      | Reached skill level 4 in Spellcasting
  2446 | D:2      | Reached XP level 4. HP: 18/31 MP: 0/0
  3414 | D:2      | Found a runed translucent door.
  3415 | D:2      | Noticed Crazy Yiuf
  3816 | D:3      | Reached XP level 5. HP: 20/35 MP: 0/0
  3816 | D:3      | Learned a level 2 spell: Searing Ray
  3979 | D:3      | Reached skill level 5 in Spellcasting
  5224 | D:4      | Found a broken altar of Ashenzari.
  5242 | D:4      | Reached XP level 6. HP: 36/40 MP: 0/0
  5753 | D:4      | You are sucked into a shaft and drop 1 floor!
  5753 | D:5      | Entered Level 5 of the Dungeon
  5753 | D:5      | Noticed Grinder
  5837 | D:4      | Reached skill level 6 in Spellcasting
  5937 | D:4      | Noticed a steam dragon
  5946 | D:4      | Killed a steam dragon
  5947 | D:4      | Reached XP level 7. HP: 20/45 MP: 0/0
  5947 | D:4      | Learned a level 3 spell: Teleport Other
  6656 | D:5      | Found a stormy altar of Qazlal.
  6661 | D:5      | Became a worshipper of Qazlal Stormbringer
  6693 | D:5      | Reached skill level 7 in Spellcasting
  7149 | D:5      | Reached XP level 8. HP: 46/50 MP: 0/0
  7151 | D:5      | Found a sacrificial altar of Ru.
  7314 | D:2      | Killed Crazy Yiuf
  7428 | D:5      | Noticed Eustachio
  7457 | D:5      | Killed Eustachio
  7458 | D:5      | Reached skill level 8 in Spellcasting
  7923 | D:6      | Noticed Pikel
  7935 | D:6      | Killed Pikel
  7936 | D:6      | Reached skill level 9 in Spellcasting
  8030 | D:6      | Noticed Duvessa
  8041 | D:6      | Killed Duvessa
  8107 | D:6      | Noticed Dowan
  8114 | D:6      | Killed Dowan
  8115 | D:6      | Reached XP level 9. HP: 27/55 MP: 0/0
  8115 | D:6      | Learned a level 4 spell: Ice Form
  8374 | D:6      | Reached skill level 10 in Spellcasting
  8810 | D:6      | Noticed Edmund
  8826 | D:6      | Killed Edmund
  9236 | D:6      | Gained mutation: You are robust. (+10% HP) [potion of
                  | mutation]
  9236 | D:6      | Gained mutation: You evolve. [potion of mutation]
  9236 | D:6      | Gained mutation: Your flesh is almost immune to the effects
                  | of heat. (rF+++) [potion of mutation]
  9236 | D:6      | Gained mutation: You have a somewhat thin skeletal
                  | structure. (Dex +2, Stealth) [potion of mutation]
  9351 | D:7      | Reached skill level 11 in Spellcasting
  9501 | D:7      | Found a staircase to the Ecumenical Temple.
  9769 | D:7      | Noticed a kobold demonologist
  9779 | D:7      | Reached * piety under Qazlal
  9781 | D:7      | Killed a kobold demonologist
  9782 | D:7      | Reached XP level 10. HP: 39/66 MP: 0/0
 10007 | D:7      | Reached skill level 12 in Spellcasting
 10053 | D:7      | Noticed a gargoyle
 10056 | D:7      | Killed from afar by a gargoyle

Illustrated notes

Levels and vault maps discovered:
D:1:      dpeg_arrival_long_road, layout_loops_ring, basic_ecumenical_altar
D:2:      layout_basic, uniq_crazy_yiuf_cottage
D:3:      layout_loops_corners
D:4:      minmay_diamond_boxcup, layout_cave_pools, cheibrodos_ashenzari_chains,
          serial_park_tiny_2
D:5:      layout_loops_corners, general_overflow_altar,
          lemuel_coloured_pillars_altar, uniq_grinder, uniq_eustachio
D:6:      layout_loops_cross, minmay_hedge_maze, uniq_edmund, uniq_duvessa,
          uniq_pikel
D:7:      kennysheep_windowed_halls, layout_rooms, minmay_temple_entry_hall,
          minmay_the_grid_2x2 [minmay_the_grid_x, minmay_the_grid_square_x,
          minmay_the_grid_medium_cups, minmay_the_grid_prize_trominoes]

Skill      XL: |  1  2  3  4  5  6  7  8  9 10 |
---------------+-------------------------------+-----
Spellcasting   | 3 4 5 6 7 9 11 12 | 12.0
Dodging        | |  2.2
Stealth        | |  1.5

Action                   |  1- 3 |  4- 6 |  7- 9 | 10-12 || total
-------------------------+-------+-------+-------+-------++-------
Melee: Dagger            |    15 |    21 |    10 |       ||    46
       Unarmed           |       |       |    21 |       ||    21
       Quarterstaff      |       |       |     9 |     2 ||    11
 Cast: Magic Dart        |   104 |    79 |     7 |       ||   190
       Searing Ray       |       |    19 |    50 |     8 ||    77
       Conjure Flame     |       |       |    15 |       ||    15
       Ice Form          |       |       |     2 |       ||     2
       Mephitic Cloud    |       |       |     1 |       ||     1
       Blink             |       |       |       |     1 ||     1
  Use: Scroll            |       |       |     2 |       ||     2
       Potion            |       |       |     1 |       ||     1
 Stab: Sleeping          |       |     2 |       |       ||     2
Armor: Robe              |     3 |     6 |     6 |     2 ||    17
       Skin              |       |       |     7 |       ||     7
Dodge: Dodged            |    14 |    36 |    27 |     5 ||    82
Block: Other             |       |       |       |     1 ||     1

Table legend: (Time is in decaauts)
 A = Elapsed time spent in this place.
 B = Non-inter-level travel time spent in this place.
 C = Inter-level travel time spent in this place.
 D = Time resting spent in this place.
 E = Time spent auto-exploring this place.
 F = Levels seen in this place.
 G = Mean time per level.
                   A        B        C        D        E       F      G
               +--------+--------+--------+--------+--------+-----+--------+
         Total |  10050 |   9707 |    343 |   1969 |   6268 |   7 | 1435.7 |
       Dungeon |  10050 |   9707 |    343 |   1969 |   6268 |   7 | 1435.7 |
               +--------+--------+--------+--------+--------+-----+--------+

Top non-repeatable levels by time:
     D:2: 1954 daAuts
     D:1: 1772 daAuts
     D:3: 1688 daAuts
     D:6: 1443 daAuts
     D:5: 1269 daAuts
     D:4: 1156 daAuts
     D:7: 766 daAuts
